 Dungeon Crawl Stone Soup version 0.25.0-1-g7eea58d (webtiles) character file.

Game seed: 14348071330135106807

1845 thesequoiad the Firebug (level 9, -6/67 HPs)
             Began as a Formicid Fire Elementalist on June 14, 2020.
             Was a Follower of Okawaru.
             Shot with an arrow by a centaur (8 damage)
             ... on level 6 of the Dungeon.
             The game lasted 00:28:35 (7943 turns).

thesequoiad the Firebug (FoFE)                      Turns: 7943, Time: 00:28:35

Health: -6/67      AC:  5    Str: 19    XL:     9   Next: 34%
Magic:  16/16      EV: 12    Int: 18    God:    Okawaru [*.....]
Gold:   331        SH:  0    Dex: 11    Spells: 5/18 levels left

rFire    . . .     SeeInvis +   a - +2 short sword (elec)
rCold    . . .     Gourm    .   (no shield)
rNeg     . . .     Faith    .   l - +0 robe {MR+}
rPois    .         Spirit   .   (helmet unavailable)
rElec    .         Reflect  .   r - +0 cloak
rCorr    .         Harm     .   (no gloves)
MR       +....                  p - +1 pair of boots
Stlth    ++........             e - amulet of magic regeneration
HPRegen  0.21/turn              h - +6 ring of strength
MPRegen  0.40/turn              v - ring of wizardry

@: lightly drained
A: permanent stasis, dig shafts and tunnels, four strong arms, antennae 3
a: Dig, Shaft Self, Heroism, Renounce Religion


You were on level 6 of the Dungeon.
You worshipped Okawaru.
Okawaru was aware of your devotion.
You were not hungry.

You visited 2 branches of the dungeon, and saw 7 of its levels.

You collected 331 gold pieces.

Inventory:

Hand Weapons
 a - a +2 short sword of electrocution (weapon)
 b - a +5 trident of freezing
Missiles
 g - 34 poisoned darts (quivered)
Armour
 l - a +0 robe of magic resistance (worn)
 p - a +1 pair of boots (worn)
 r - a +0 cloak (worn)
Magical Staves
 u - an uncursed staff of death
Jewellery
 e - an amulet of magic regeneration (around neck)
 h - a +6 ring of strength (left hand)
 v - a ring of wizardry (right hand)
Wands
 k - a wand of paralysis (6)
 m - a wand of polymorph (13)
 t - a wand of disintegration (2)
Scrolls
 f - 2 scrolls of remove curse
 i - a scroll of fear
 w - a scroll of magic mapping
 x - a scroll of enchant armour
Potions
 d - 2 potions of might
 j - 2 potions of haste
 n - a potion of invisibility
 o - a potion of stabbing
 q - a potion of heal wounds {unknown}
 s - a potion of curing {unknown}
 A - a potion of flight {unknown}
Comestibles
 c - 6 rations


   Skills:
 + Level 4.8(4.4) Fighting
 - Level 1.7(1.4) Dodging
 - Level 2.4(2.1) Stealth
 + Level 5.1(4.7) Spellcasting
 * Level 6.0(5.7) Conjurations
 * Level 7.3(7.0) Fire Magic


You had 5 spell levels left.
You knew the following spells:

 Your Spells              Type           Power        Failure   Level  Hunger
a - Foxfire               Conj/Fire      ####         1%          1    None
b - Conjure Flame         Conj/Fire      ####....     1%          3    ###....
c - Sticky Flame          Conj/Fire      ####....     4%          4    ####...
d - Fireball              Conj/Fire      ####......   12%         5    ######.

Your spell library contained the following spells:

 Spells                   Type           Power        Failure   Level  Hunger
 Inner Flame              Hex/Fire       ###.....     4%          3    ###....
 Confusing Touch          Hex            #.......     16%         3    ###....
 Gell's Gravitas          Tloc           #.........   16%         3    ###....
 Petrify                  Tmut/Erth      #.......     45%         4    ####...
 Metabolic Englaciation   Hex/Ice        #.........   80%         5    ######.
 Yara's Violent Unravell  Hex/Tmut       #.........   80%         5    ######.


Dungeon Overview and Level Annotations

Branches:
Dungeon (6/15)             Temple (1/1) D:6

Altars:
Ashenzari
Cheibriados
Dithmenos
Elyvilon
Fedhas
Gozag
Hepliaklqana
Kikubaaqudgha
Makhleb
Okawaru
Qazlal
Ru
Sif Muna
Uskayaw
Wu Jian
Yredelemnul
Zin
The Shining One

Shops:
D:4 }

Annotations:
D:4 Ijyb
D:5 2 transporters, auberdahn's ghost, amateur TrWz
D:6 1 runed translucent door, 1 exclusion, GeorgeSoros's ghost, novice MfIE


Innate Abilities, Weirdness & Mutations

You cannot be hasted, slowed, berserked, paralysed or teleported.
You can dig through walls and to a lower floor.
Your four strong arms can wield two-handed weapons with a shield.
You have a pair of large antennae on your head. (SInv)


Message History

Confirm with . or Enter, or press ? or * to list all spells.
You conjure some foxfire!
The foxfire hits the centaur.
The centaur is moderately wounded.
The foxfire hits the centaur.
The centaur is almost dead.
The centaur shoots an arrow.
The arrow hits you!
The centaur shoots an arrow.
The arrow hits you!
* * * LOW HITPOINT WARNING * * *
The centaur shoots an arrow.
The arrow hits you!
* * * LOW HITPOINT WARNING * * *
The centaur shoots an arrow.
The arrow hits you!
* * * LOW HITPOINT WARNING * * *
The foxfire hits the centaur but does no damage.
The centaur is moderately wounded.
The foxfire hits the centaur!
The centaur is heavily wounded.
The centaur shoots an arrow.
The arrow closely misses you.
The centaur shoots an arrow.
The arrow barely misses you.
The centaur shoots an arrow.
The arrow hits you!
You die...

#....#≈≈.≈≈#...)....# #
####.#§§.≈≈#.######## #
#.'.§_..'.# #.#≈≈§§≈###
###≈≈.§≈# #######
###'######### #######
#######.#.......####⌠.⌠##
#....((....####....#.>.##
#.##..###..#.@..####⌠.⌠####
#≈≈≈≈≈≈##..#.##.# ###'###.#
≈≈≈≈≈≈≈≈≈≈..(..#.#
###.###.#
≈≈≈≈≈..≈≈≈≈≈.#..#.# #.# #.#
≈≈c####.≈≈≈§§≈....#
###.###.# ≈c#
#c≈≈§≈§≈≈...###.#..##.# ..
{#.≈≈≈≈≈≈≈≈≈..##.##.##.# #
#.c≈≈≈≈≈≈≈≈≈.##.##.##.# ##
#..≈≈≈≈≈≈≈≈≈.##.......# #.


You could see a centaur.

Vanquished Creatures
  Grinder (D:4)
  3 ice beasts
  3 phantoms
  A sky beast (D:6)
  A hornet zombie (D:6)
  3 centaurs
  A bullfrog (D:6)
  A wyvern skeleton (D:6)
  A scorpion (D:6)
  3 wights (D:6)
  A howler monkey (D:5)
  A crimson imp (D:6)
  A jelly (D:5)
  2 hounds
  An orc wizard (D:6)
  A bullfrog skeleton (D:4)
  An iguana (D:6)
  A worker ant (D:6)
  A hound skeleton (D:5)
  Robin (D:4)
  3 gnolls (D:6)
  3 oozes
  An adder skeleton (D:4)
  A worm (D:3)
  3 dart slugs
  2 leopard geckos
  7 orcs
  4 giant cockroaches
  19 goblins
  10 hobgoblins
  8 jackals
  4 kobolds
  A quokka (D:2)
  5 bats
  4 frilled lizards
  A quokka skeleton (D:5)
  8 rats
113 creatures vanquished.

Vanquished Creatures (others)
  359 foxfires
359 creatures vanquished.

Grand Total: 472 creatures vanquished

Notes
Turn   | Place    | Note
-------+----------+-------------------------------------------
     0 | D:1      | thesequoiad the Formicid Fire Elementalist began the quest
                  | for the Orb.
     0 | D:1      | Reached XP level 1. HP: 13/13 MP: 3/3
    27 | D:1      | Reached skill level 1 in Conjurations
   159 | D:1      | Reached XP level 2. HP: 20/20 MP: 5/5
   415 | D:1      | Reached XP level 3. HP: 25/25 MP: 4/6
   502 | D:1      | Reached skill level 1 in Fighting
   986 | D:2      | Found a blossoming altar of Fedhas.
  1007 | D:2      | Found a white marble altar of Elyvilon.
  1092 | D:2      | Found a glowing golden altar of the Shining One.
  1888 | D:3      | Reached XP level 4. HP: 7/32 MP: 5/8
  2425 | D:3      | Learned a level 3 spell: Conjure Flame
  2430 | D:3      | Learned a level 4 spell: Sticky Flame
  2493 | D:3      | Found a burning altar of Makhleb.
  2531 | D:3      | Found a glowing silver altar of Zin.
  2531 | D:3      | Noticed an Executioner
  2532 | D:3      | Noticed an angel
  3208 | D:4      | Reached skill level 4 in Fire Magic
  3208 | D:4      | Reached XP level 5. HP: 37/37 MP: 7/9
  3369 | D:4      | Noticed Grinder
  3393 | D:4      | Killed Grinder
  3393 | D:4      | Reached XP level 6. HP: 29/46 MP: 8/11
  3549 | D:4      | Noticed Robin
  3739 | D:4      | Killed Robin
  3742 | D:4      | Reached XP level 7. HP: 49/51 MP: 8/12
  3782 | D:4      | Found Quqac's Gadget Shoppe.
  4057 | D:4      | Reached skill level 5 in Fire Magic
  4467 | D:4      | Noticed Ijyb
  4567 | D:5      | Entered Level 5 of the Dungeon
  5000 | D:5      | Reached XP level 8. HP: 50/58 MP: 10/14
  5047 | D:5      | Found an iron altar of Okawaru.
  5164 | D:5      | Found a transporter.
  5165 | D:5      | Noticed auberdahn's ghost (amateur TrWz)
  5250 | D:5      | Found a shadowy altar of Dithmenos.
  5343 | D:5      | Found a transporter.
  5584 | D:5      | Found a sacrificial altar of Ru.
  5743 | D:5      | Became a worshipper of Warmaster Okawaru
  5772 | D:6      | Learned a level 5 spell: Fireball
  6052 | D:6      | Found a staircase to the Ecumenical Temple.
  6057 | Temple   | Entered the Ecumenical Temple
  6398 | D:6      | Reached skill level 6 in Fire Magic
  6676 | D:6      | Reached skill level 5 in Conjurations
  6999 | D:6      | Noticed GeorgeSoros's ghost (novice MfIE)
  7007 | D:6      | Found a runed translucent door.
  7047 | D:6      | Reached * piety under Okawaru
  7057 | D:6      | Reached XP level 9. HP: 65/65 MP: 9/16
  7176 | D:6      | Found an ornate altar of the Wu Jian Council.
  7231 | D:6      | Reached skill level 7 in Fire Magic
  7353 | D:6      | Reached skill level 5 in Spellcasting
  7941 | D:6      | HP: 1/67 [centaur/arrow (7)]
  7943 | D:6      | Shot with an arrow by a centaur

Illustrated notes

Levels and vault maps discovered:
D:1:      wander_arrival_lonely_grave, layout_basic, serial_park_tiny_pond
D:2:      layout_loops_ring, elyvilon_altar_4, fedhas_ov_isle_minmay,
          nicolae_overflow_crystal_walls
D:3:      layout_loops_ring, grunt_temple_overflow_order_and_chaos_2
D:4:      layout_basic, first_ration, serial_shops, nicolae_shop_trees,
          minmay_joined_circles, uniq_grinder, uniq_ijyb, uniq_robin
D:5:      layout_cave_pods, okawaru_metal_pillars_1_2, lemuel_round_altar,
          gammafunk_ghost_mausoleum, grunt_dithmenos_smoke_and_mirrors
D:6:      layout_loops_corners, kennysheep_little_box, temple_doors_cd,
          hellmonk_ghost_happy_afterlife, st_stairs_9, centaur_isle
Temple:   eino_temple_lava

Skill      XL: |  1  2  3  4  5  6  7  8  9 |
---------------+----------------------------+-----
Conjurations   | 1 2 3 4 5 6 |  6.0
Fighting       | 1 2 3 4 |  4.8
Fire Magic     | 4 5 6 7 |  7.3
Spellcasting   | 3 4 5 |  5.1
Dodging        | |  1.7
Stealth        | |  2.4

Action                   |  1- 3 |  4- 6 |  7- 9 || total
-------------------------+-------+-------+-------++-------
Melee: Short sword       |    41 |    15 |    16 ||    72
Throw: Dart              |       |       |     1 ||     1
 Cast: Foxfire           |    33 |    76 |   108 ||   217
       Conjure Flame     |       |     1 |     8 ||     9
       Sticky Flame      |       |       |     4 ||     4
       Fireball          |       |       |     1 ||     1
Evoke: Wand              |       |       |     4 ||     4
  Use: Scroll            |     1 |     6 |     6 ||    13
 Stab: Sleeping          |     2 |       |       ||     2
  Eat: Chunk             |     3 |     6 |     5 ||    14
       Ration            |       |       |     3 ||     3
Armor: Robe              |    15 |    12 |    10 ||    37
Dodge: Dodged            |    47 |    58 |    73 ||   178
